 Dungeon Crawl Stone Soup version 0.18.1-8-gdd0e5ea (webtiles) character file.

8029 stupendous the Carver (level 11, -1/81 HPs)
             Began as a Formicid Fighter on June 4, 2016.
             Was a Believer of Makhleb.
             Slain by a spectral orc warrior
             ... wielding a +2 dire flail
             ... summoned by Nergalle
              (9 damage)
             ... on level 11 of the Dungeon.
             The game lasted 00:40:16 (11981 turns).

stupendous the Carver (Formicid Fighter)           Turns: 11981, Time: 00:40:16

Health: -1/81      AC: 12    Str: 23    XL:     11   Next: 48%
Magic:  11/11      EV:  8    Int:  7    God:    Makhleb [**....]
Gold:   336        SH:  0    Dex: 15    Spells: 0 memorised, 10 levels left

rFire  . . .     SeeInvis +     a - +1 long sword
rCold  . . .     Gourm    .     b - +0 scale mail
rNeg   . . .     Faith    +     c - +1 shield
rPois  .         Spirit   .     (helmet unavailable)
rElec  .         Dismiss  .     D - +0 cloak
rCorr  .         Reflect  .     y - +0 pair of gloves
SustAt .         Harm     .     l - +2 pair of boots
MR     +....                    z - amulet of faith
Stlth  ..........               m - +2 ring of slaying
                                j - +3 ring of dexterity

@: confused, heavily drained, somewhat resistant to hostile enchantments,
extremely unstealthy
A: permanent stasis, dig shafts and tunnels, four strong arms, antennae 3
a: Dig, Shaft Self, Minor Destruction, Renounce Religion


You were on level 11 of the Dungeon.
You worshipped Makhleb.
Makhleb was pleased with you.
You were not hungry.

You visited 2 branches of the dungeon, and saw 12 of its levels.

You collected 471 gold pieces.
You spent 135 gold pieces at shops.

Inventory:

Hand Weapons
 a - a +1 long sword (weapon)
Armour
 b - a +0 scale mail (worn)
 c - a +1 shield (worn)
 l - a +2 pair of boots (worn)
 y - a +0 pair of gloves (worn)
 D - a +0 cloak (worn)
Jewellery
 e - an uncursed ring of protection from magic
 j - a +3 ring of dexterity (left hand)
 m - a +2 ring of slaying (right hand)
 v - an uncursed ring of poison resistance
 z - an amulet of faith (around neck)
 L - an uncursed ring of flight
Wands
 h - a wand of slowing (23/48)
 B - a wand of flame (26/48)
Scrolls
 i - a scroll of random uselessness {unknown}
 q - 2 scrolls of enchant weapon
 r - 2 scrolls of magic mapping
 w - a scroll of remove curse
 A - 2 scrolls of recharging
 K - a scroll of enchant armour
Potions
 d - 3 potions of might
 k - 3 potions of flight
 n - 2 potions of lignification
 p - a potion of cancellation
 s - 4 potions of mutation
 t - a potion of haste {unknown}
 u - a potion of agility {unknown}
 C - a potion of cure mutation {unknown}
 I - 2 potions of degeneration {unknown}
Comestibles
 f - 8 bread rations
 g - 3 beef jerkies
 o - 3 meat rations
 x - 9 slices of pizza
 G - a royal jelly


   Skills:
 + Level 6.2(3.8) Fighting
 + Level 14.5(11.6) Long Blades
 + Level 6.3(3.9) Armour
 + Level 6.1(3.8) Shields


You had 10 spell levels left.
You didn't know any spells.

Dungeon Overview and Level Annotations

Branches:
Dungeon (11/15)            Temple (1/1) D:5            Lair (0/8) D:9
    Orc (0/2) D:10

Altars:
Ashenzari
Cheibriados
Dithmenos
Elyvilon
Fedhas
Gozag
Kikubaaqudgha
Makhleb
Nemelex Xobeh
Okawaru
Pakellas
Qazlal
Ru
Sif Muna
Trog
Vehumet
Xom
Yredelemnul
Zin
The Shining One

Shops:
D:5 [   D:6 [   D:9 =

Annotations:
D:11 Nergalle


Innate Abilities, Weirdness & Mutations

You are under a permanent stasis effect.
You can dig through walls and to a lower floor.
Your four strong arms can wield two-handed weapons with a shield.
You have a pair of large antennae on your head (SInv).


Message History

The spectral orc warrior barely misses you.
The spectral orc warrior hits you with a halberd!
* * * LOW HITPOINT WARNING * * *
The spectral orc warrior hits you but does no damage.
Nergalle gestures at the spectral orc while chanting.
The spectral orc seems to speed up.
Drink which item? (? for menu, Esc to quit)
You are more confused.
You feel more invigorated.
Nergalle is no longer invulnerable.
The orc barely misses you.
The spectral orc warrior hits you but does no damage.
The spectral orc knight closely misses you.
The spectral orc warrior hits you but does no damage. x3
The orc barely misses you.
Nergalle points at you and mumbles some strange words.
Orcish apparitions take form around you.
You slash the spectral orc warrior!
The spectral orc warrior is heavily damaged.
The spectral orc warrior hits you with an enchanted dire flail!
You die...

###########
#.....:....
#.Z.Z$.....
#ZZZZ......
#.@oZ......
#ZoZ.......
#ZZ..!.....
#########.#
#


You could see Nergalle, a spectral orc, 7 spectral orc warriors, 3 spectral orc
knights and an orc.

Vanquished Creatures
  The ghost of Gadfly the Protected, a novice GrFi of Qazlal (D:9)
  2 hill giants
  An ugly thing (D:9)
  Psyche (D:7)
  2 trolls (D:9)
  Prince Ribbit (D:7)
  3 yaks (D:9)
  2 humans (D:7)
  A golden eye (shapeshifter) (D:6)
  The ghost of Spurious the Conjurer, an amateur DrCj of Sif Muna (D:4)
  Menkaure (D:4)
  5 orc warriors
  A sky beast (D:9)
  A black bear (D:9)
  2 phantoms (D:6)
  4 ogres
  A centaur (D:7)
  The ghost of harwe the Conjurer, an amateur HECj (D:3)
  5 giant frogs
  A water moccasin zombie (D:6)
  5 scorpions
  3 killer bees (D:7)
  3 howler monkeys (D:7)
  2 centaur zombies
  2 crimson imps
  A quasit (D:6)
  A jelly (D:5)
  5 orc priests
  Crazy Yiuf (D:6)
  4 hounds
  2 centaur skeletons
  A giant frog skeleton (D:8)
  A human skeleton (D:7)
  2 iguanas (D:6)
  13 orc wizards
  10 worker ants
  4 sheep (D:7)
  A hound skeleton (D:6)
  A worker ant zombie (D:8)
  Robin (D:2)
  13 adders
  4 gnolls
  A howler monkey skeleton (D:9)
  3 shadow imps
  An ooze (D:1)
  2 adder skeletons
  2 worms
  3 dart slugs
  7 giant geckos
  29 orcs
  2 ball pythons
  13 bats
  6 giant cockroaches
  17 goblins
  12 hobgoblins
  6 jackals
  2 quokkas
  A giant gecko zombie (D:7)
  6 giant newts
  A jackal skeleton (D:7)
  14 kobolds
  A quokka skeleton (D:4)
  A quokka zombie (D:7)
  10 rats
  2 bushes (D:2)
  A plant (D:2)
260 creatures vanquished.

Vanquished Creatures (others)
  An orc (D:6)
  15 plants (D:9)
16 creatures vanquished.

Grand Total: 276 creatures vanquished

Notes
Turn   | Place    | Note
--------------------------------------------------------------
     0 | D:1      | stupendous the Formicid Fighter began the quest for the Orb.
     0 | D:1      | Reached XP level 1. HP: 18/18 MP: 1/1
   183 | D:1      | Reached XP level 2. HP: 24/24 MP: 2/2
   251 | D:1      | Reached XP level 3. HP: 28/29 MP: 3/3
   748 | D:1      | Reached XP level 4. HP: 31/37 MP: 4/4
  1188 | D:2      | Found a radiant altar of Vehumet.
  1235 | D:2      | Noticed Robin
  1254 | D:2      | Killed Robin
  1263 | D:2      | Reached skill level 3 in Long Blades
  1272 | D:2      | Reached XP level 5. HP: 20/42 MP: 5/5
  1712 | D:3      | Noticed harwe's ghost (amateur HECj)
  1948 | D:3      | Killed harwe's ghost
  2099 | D:3      | Reached skill level 5 in Shields
  2099 | D:3      | Reached XP level 6. HP: 49/49 MP: 6/6
  2237 | D:3      | Found a glowing golden altar of the Shining One.
  3168 | D:4      | Found a shadowy altar of Dithmenos.
  3176 | D:4      | Noticed Spurious's ghost (amateur DrCj)
  3191 | D:4      | Killed Spurious's ghost
  3191 | D:4      | Reached skill level 4 in Long Blades
  3191 | D:4      | Reached skill level 5 in Armour
  3191 | D:4      | Reached XP level 7. HP: 7/55 MP: 7/7
  3401 | D:4      | Reached skill level 5 in Fighting
  3495 | D:4      | Noticed Menkaure
  3509 | D:4      | Killed Menkaure
  3870 | D:4      | Found a sacrificial altar of Ru.
  3968 | D:4      | Reached XP level 8. HP: 28/63 MP: 8/8
  4218 | D:5      | Entered Level 5 of the Dungeon
  4269 | D:5      | Found Ynaimab's Armour Boutique.
  4279 | D:5      | Found a staircase to the Ecumenical Temple.
  4288 | Temple   | Entered the Ecumenical Temple
  4556 | D:5      | Reached skill level 5 in Long Blades
  4897 | D:5      | Found a shimmering altar of Xom.
  5362 | D:6      | Reached skill level 6 in Long Blades
  5525 | D:6      | Reached skill level 7 in Long Blades
  5582 | D:6      | Noticed Crazy Yiuf
  5586 | D:6      | Killed Crazy Yiuf
  5586 | D:6      | Reached XP level 9. HP: 57/69 MP: 9/9
  5912 | D:6      | Reached skill level 8 in Long Blades
  6007 | D:6      | Found Potutah's Antique Armour Shop.
  6008 | D:6      | Found a radiant altar of Vehumet.
  6077 | D:6      | Noticed a hill giant
  6086 | D:6      | Killed a hill giant
  6086 | D:6      | Reached skill level 9 in Long Blades
  6540 | D:6      | Bought a pair of glowing boots for 135 gold pieces
  6641 | D:6      | Reached skill level 10 in Long Blades
  6793 | D:7      | Found a shattered altar of Ashenzari.
  7017 | Temple   | Became a worshipper of Makhleb the Destroyer
  7100 | D:7      | Reached XP level 10. HP: 74/76 MP: 10/10
  7157 | D:7      | Found a runed door.
  7197 | D:7      | Reached skill level 11 in Long Blades
  7238 | D:7      | Found a basalt altar of Yredelemnul.
  7698 | D:7      | Reached * piety under Makhleb
  7764 | D:7      | Noticed Prince Ribbit
  7792 | D:7      | Killed Prince Ribbit
  7792 | D:7      | Reached skill level 12 in Long Blades
  8051 | D:8      | Noticed Psyche
  8141 | D:7      | Killed Psyche
  8377 | D:8      | Found a blossoming altar of Fedhas.
  8524 | D:8      | Found a basalt altar of Yredelemnul.
  8637 | D:8      | Found an opulent altar of Gozag.
  8689 | D:8      | Found a white marble altar of Elyvilon.
  8805 | D:8      | Found a glowing silver altar of Zin.
  8868 | D:9      | Noticed Gadfly's ghost (novice GrFi)
  8924 | D:9      | Killed Gadfly's ghost
  8924 | D:9      | Reached skill level 13 in Long Blades
  9154 | D:9      | Reached XP level 11. HP: 81/81 MP: 11/11
  9185 | D:9      | Found an iron altar of Okawaru.
  9198 | D:9      | Found a staircase to the Lair.
  9264 | D:9      | Found a stormy altar of Qazlal.
  9269 | D:9      | Found an oddly glowing altar of Pakellas.
  9316 | D:9      | Reached ** piety under Makhleb
  9592 | D:9      | Noticed a green ugly thing
  9622 | D:9      | Killed a green ugly thing
 10221 | D:9      | Found Tuos's Jewellery Shop.
 10234 | D:9      | Reached skill level 14 in Long Blades
 10364 | D:10     | Entered Level 10 of the Dungeon
 10858 | D:10     | Noticed a hill giant
 11116 | D:10     | Found a staircase to the Orcish Mines.
 11703 | D:10     | Noticed a hill giant
 11714 | D:10     | Killed a hill giant
 11939 | D:11     | Noticed Nergalle
 11970 | D:11     | HP: 4/81 [spectral orc warrior/halberd[Nergalle] (9)]
 11979 | D:11     | HP: 1/81 [spectral orc warrior/halberd[Nergalle] (11)]
 11981 | D:11     | Slain by a spectral orc warrior

Skill      XL: |  1  2  3  4  5  6  7  8  9 10 11 |
---------------+----------------------------------+-----
Shields        | 4 5 6 |  6.1
Armour         | 4 5 6 |  6.3
Fighting       | 4 5 6 |  6.2
Long Blades    | 3 4 7 10 13 14 | 14.5

Action                   |  1- 3 |  4- 6 |  7- 9 | 10-12 || total
-------------------------+-------+-------+-------+-------++-------
Melee: Long sword        |   108 |   325 |   346 |   485 ||  1264
  Use: Scroll            |       |     5 |    11 |     5 ||    21
       Potion            |       |     1 |       |     8 ||     9
  Eat: Chunk             |       |     7 |    13 |    12 ||    32
       Fruit             |       |       |     1 |     1 ||     2
       Beef jerky        |       |       |       |     2 ||     2
Armor: Scale mail        |    52 |    82 |   100 |   148 ||   382
       Skin              |       |     2 |       |       ||     2
Dodge: Dodged            |    51 |    59 |    78 |   107 ||   295
Block: Shield            |    65 |   111 |   155 |   206 ||   537
